 Dungeon Crawl Stone Soup version 0.20.1-1-g8b1a95d (webtiles) character file.

3101 pomescollege the Frost Mage (level 9, -1/70 HPs)
             Began as a Merfolk Ice Elementalist on Dec 27, 2017.
             Was an Initiate of Sif Muna.
             Slain by a hornet (3 damage)
             ... on level 7 of the Dungeon.
             The game lasted 00:59:22 (9230 turns).

pomescollege the Frost Mage (MfIE)                  Turns: 9230, Time: 00:59:23

Health: -1/70      AC:  8    Str:  8    XL:     9   Next: 90%
Magic:  1/21       EV: 12    Int: 25    God:    Sif Muna [......]
Gold:   398        SH:  0    Dex: 15    Spells: 9/24 levels left

rFire    . . .     SeeInvis .   (weapon currently unavailable)
rCold    + + .     Gourm    .   (shield currently unavailable)
rNeg     . . .     Faith    .   (armour currently unavailable)
rPois    +         Spirit   .   (helmet currently unavailable)
rElec    .         Reflect  .   (cloak currently unavailable)
rCorr    .         Harm     .   (gloves currently unavailable)
MR       .....                  (boots currently unavailable)
Stlth    ++........             (no amulet)
Regen    0.3/turn               f - ring of fire
MPRegen  0.2/turn               F - +3 ring of intelligence

@: brilliant, ice-form
A: (change form in water), (swift swim), (stealthy swim), blink, blurry vision 1
a: End Transformation, Blink, Renounce Religion


You were on level 7 of the Dungeon.
You worshipped Sif Muna.
Sif Muna was noncommittal.
You were not hungry.
You were a creature of crystalline ice.
You visited 2 branches of the dungeon, and saw 8 of its levels.
You also visited: Sewer.

You collected 398 gold pieces.

Inventory:

Hand Weapons
 s - a +4 quarterstaff of chaos
 z - a +0 glaive
 D - a +1 vampiric falchion
 E - a +3 spear
 K - a cursed -1 whip
 L - a +0 flail of draining
Armour
 a - a +0 robe (melded)
 A - a +1 helmet (melded)
 J - a +2 pair of boots (melded)
 M - a +0 pair of gloves (melded)
 N - a +1 cloak of invisibility (melded)
Magical Staves
 j - an uncursed staff of summoning
 k - an uncursed staff of power (melded)
Jewellery
 f - a ring of fire (left front paw)
 F - a +3 ring of intelligence (right front paw)
Wands
 q - a wand of random effects (9/48)
Scrolls
 d - 2 scrolls of amnesia {unknown}
 i - a scroll of identify
 m - a scroll of teleportation {unknown}
 o - 4 scrolls of remove curse
 r - a scroll of noise {unknown}
 u - a scroll of blinking {unknown}
 v - a scroll of magic mapping {unknown}
 w - a scroll of recharging
 y - a scroll of fear {unknown}
 G - a scroll of random uselessness {unknown}
Potions
 e - a potion of cancellation {unknown}
 g - a potion of magic {unknown}
 h - a potion of brilliance
 l - a potion of mutation
 n - a potion of ambrosia {unknown}
 x - 2 potions of heal wounds {unknown}
 B - a potion of resistance {unknown}
 H - 2 potions of might {unknown}
 I - a potion of haste {unknown}
Books
 b - a book of Frost

   Spells                             Type                      Level
   a - Freeze                         Ice                          1
   b - Throw Frost                    Conjuration/Ice              2
   c - Ozocubu's Armour               Charms/Ice                   3
   d - Throw Icicle                   Conjuration/Ice              4
   e - Summon Ice Beast               Ice/Summoning                4
 O - a book of Changes

   Spells                             Type                      Level
   a - Beastly Appendage              Transmutation                1
   b - Sticks to Snakes               Transmutation                2
   c - Spider Form                    Transmutation/Poison         3
   d - Ice Form                       Ice/Transmutation            4
   e - Blade Hands                    Transmutation                5
 P - Sif Muna's Handbook of Battle Magic
   (You found it on level 7 of the Dungeon)

   Spells                             Type                      Level
   a - Flame Tongue                   Conjuration/Fire             1
Comestibles
 c - a bread ration
 p - a meat ration
 C - a royal jelly


   Skills:
 + Level 1.2 Fighting
   Level 0.8 Short Blades
 * Level 4.5 Dodging
 + Level 3.3 Stealth
 - Level 0.9 Unarmed Combat
 + Level 8.4 Spellcasting
 + Level 2.7 Conjurations
 - Level 0.4 Charms
 + Level 2.4 Summonings
 + Level 9.4 Ice Magic


You had 9 spell levels left.
You knew the following spells:

 Your Spells              Type           Power        Failure   Level  Hunger
a - Freeze                Ice            ####         1%          1    None
b - Throw Frost           Conj/Ice       ######       1%          2    None
c - Ozocubu's Armour      Chrm/Ice       ######..     1%          3    None
d - Summon Ice Beast      Ice/Summ       ######..     1%          4    ##.....
e - Flame Tongue          Conj/Fire      #####        1%          1    None
f - Ice Form              Ice/Tmut       #####...     1%          4    ##.....


Dungeon Overview and Level Annotations

Branches:
Dungeon (7/15)             Temple (1/1) D:6

Altars:
Ashenzari
Cheibriados
Dithmenos
Fedhas
Gozag
Hepliaklqana
Kikubaaqudgha
Makhleb
Nemelex Xobeh
Okawaru
Qazlal
Sif Muna
Trog
Uskayaw
Vehumet
Xom
Yredelemnul
Zin
The Shining One

Shops:
D:6 (


Innate Abilities, Weirdness & Mutations

((You revert to your normal form in water.))
((You are very nimble and swift while swimming.))
((You are very stealthy in the water. (Stealth+)))
You can translocate small distances at will.
Scrolls take you a little longer to read.
((You are resistant to electric shocks. (rElec)))


Message History

The hornet barely misses you.
Okay, then.
Okay, then.
Casting: Freeze
Confirm with . or Enter, or press ? or * to list all spells.
You turn into a creature of crystalline ice.
Your uncursed staff of power melds into your body.
Your +1 cloak of invisibility melds into your body.
Your +1 helmet melds into your body.
Your +0 pair of gloves melds into your body.
Your +2 pair of boots melds into your body.
Your +0 robe melds into your body.
You feel your magic capacity decrease. The hornet completely misses you.
The howler monkey hoots and howls with incredible vigour!
The hornet stings you but does no damage.
The howler monkey hits you but does no damage.
You hear a bark!
You feel yourself speed up. The hornet stings you.
You die...

#########...........
#.......#.#########
.......#.##
..........#
#####.....#
#.....######
####h.h..#....######
#...yJ........)(.(((
#..Y######(...######
#..##_# #....#
#.##..####....#
#.#.)#..##....#
#.#.#...##....#
#.#..(#.#######
#.##.#.## #.#.#...#
#.#...#.#


You could see a hornet, a howler monkey, an ooze and a jackal.

Vanquished Creatures
  A water moccasin (D:5)
  2 orc warriors
  A sky beast (D:7)
  A phantom (D:6)
  An ogre (D:6)
  2 centaurs (D:7)
  6 big kobolds
  2 bullfrogs (D:6)
  A wyvern skeleton (D:7)
  2 scorpions
  2 howler monkeys (D:4)
  3 hounds
  8 orc wizards
  3 orc priests
  A gnoll shaman (D:4)
  2 iguanas
  5 worker ants
  A worker ant zombie (D:7)
  Robin (D:3)
  8 gnolls
  2 river rats
  13 adders
  2 shadow imps (D:6)
  4 oozes
  5 worms
  5 dart slugs
  A leopard gecko (D:1)
  22 orcs
  6 ball pythons
  7 bats
  6 giant cockroaches
  11 goblins
  16 hobgoblins
  2 jackals (D:5)
  3 quokkas
  6 frilled lizards
  A jackal skeleton (D:4)
  25 kobolds
  A quokka zombie (D:5)
  12 rats
203 creatures vanquished.

Vanquished Creatures (collateral kills)
  Eustachio (D:5)
  Duvessa (D:7)
  2 ogres
  A centaur (D:5)
  A bullfrog (D:6)
  Dowan (D:7)
  3 wights (D:6)
  Crazy Yiuf (D:6)
  A centaur skeleton (D:6)
  3 orc wizards
  2 worker ants
  A mummy (D:5)
  9 gnolls
  An adder skeleton (D:5)
  An adder zombie (D:5)
  3 orcs
  5 goblins (D:3)
  A hobgoblin (D:3)
  2 jackals (D:5)
40 creatures vanquished.

Grand Total: 243 creatures vanquished

Notes
Turn   | Place    | Note
-------+----------+-------------------------------------------
     0 | D:1      | pomescollege the Merfolk Ice Elementalist began the quest for the Orb.
     0 | D:1      | Reached XP level 1. HP: 13/13 MP: 3/3
   305 | D:1      | Reached XP level 2. HP: 13/19 MP: 3/5
   310 | D:1      | Learned a level 2 spell: Throw Frost
   948 | D:1      | Reached XP level 3. HP: 10/24 MP: 0/6
  1175 | D:2      | Found a shattered altar of Ashenzari.
  1316 | D:2      | Found a sparkling altar of Nemelex Xobeh.
  1326 | D:2      | Reached skill level 4 in Ice Magic
  1502 | D:2      | Learned a level 3 spell: Ozocubu's Armour
  1729 | D:2      | Reached XP level 4. HP: 30/30 MP: 7/7
  2067 | D:3      | Found a radiant altar of Vehumet.
  2136 | D:3      | Reached skill level 1 in Conjurations
  2146 | D:3      | Reached XP level 5. HP: 24/35 MP: 8/9
  2199 | D:3      | Found a glowing drain.
  2207 | Sewer    | Entered a sewer
  2223 | Sewer    | Noticed a big kobold
  2291 | Sewer    | Killed a big kobold
  2291 | Sewer    | Reached skill level 5 in Ice Magic
  2472 | Sewer    | Noticed a big kobold
  2485 | Sewer    | Killed a big kobold
  2485 | Sewer    | Reached XP level 6. HP: 37/41 MP: 12/12
  2749 | Sewer    | Reached XP level 7. HP: 46/46 MP: 14/14
  2834 | Sewer    | Learned a level 4 spell: Summon Ice Beast
  3020 | Sewer    | Reached skill level 5 in Spellcasting
  3362 | D:3      | Noticed Robin
  3404 | D:3      | Killed Robin
  3719 | D:3      | Found an opulent altar of Gozag.
  3824 | D:3      | Reached skill level 6 in Ice Magic
  4302 | D:4      | Reached XP level 8. HP: 53/53 MP: 16/16
  4856 | D:4      | Reached skill level 7 in Ice Magic
  5186 | D:5      | Entered Level 5 of the Dungeon
  5664 | D:5      | Noticed Eustachio
  5680 | D:5      | Killed Eustachio
  5687 | D:5      | Found an ancient bone altar of Kikubaaqudgha.
  5846 | D:5      | Found a snail-covered altar of Cheibriados.
  6030 | D:5      | Reached skill level 1 in Fighting
  6867 | D:6      | Reached XP level 9. HP: 34/59 MP: 19/19
  6877 | D:6      | Reached skill level 1 in Summonings
  6877 | D:6      | Reached skill level 8 in Ice Magic
  7253 | D:6      | Found a runed door.
  7618 | D:6      | Gained mutation: Scrolls take you a little longer to read. [potion of mutation]
  7618 | D:6      | Gained mutation: You can translocate small distances at will. [potion of mutation]
  7618 | D:6      | Gained mutation: You are resistant to electric shocks. (rElec) [potion of mutation]
  7626 | D:6      | Found Qiogom's Weapon Shop.
  8000 | D:6      | Found a staircase to the Ecumenical Temple.
  8172 | Temple   | Entered the Ecumenical Temple
  8410 | D:6      | Found a shadowy altar of Dithmenos.
  8774 | D:6      | Noticed Crazy Yiuf
  8783 | D:6      | Killed Crazy Yiuf
  8962 | D:7      | Found a deep blue altar of Sif Muna.
  8968 | D:7      | Became a worshipper of Sif Muna the Loreminder
  8976 | D:7      | Reached skill level 9 in Ice Magic
  8988 | D:7      | Identified Sif Muna's Handbook of Battle Magic
  9010 | D:7      | Learned a level 1 spell: Flame Tongue
  9015 | D:7      | Learned a level 4 spell: Ice Form
  9090 | D:7      | Found a shimmering altar of Xom.
  9129 | D:7      | Noticed Dowan
  9132 | D:7      | Noticed Duvessa
  9144 | D:7      | Killed Duvessa
  9154 | D:7      | Killed Dowan
  9218 | D:7      | Noticed a hornet
  9220 | D:7      | Paralysed by a hornet for 1 turns
  9226 | D:7      | Paralysed by a hornet for 2 turns
  9226 | D:7      | HP: 1/59 [hornet (6)]
  9230 | D:7      | Slain by a hornet

Skill      XL: |  1  2  3  4  5  6  7  8  9 |
---------------+----------------------------+-----
Dodging        | 3 4 |  4.5
Ice Magic      | 4 5 6 7 9 |  9.4
Conjurations   | 1 2 |  2.7
Spellcasting   | 3 4 5 6 8 |  8.4
Stealth        | 3 |  3.3
Fighting       | 1 |  1.2
Summonings     | 2 |  2.4
Short Blades   | |  0.8
Unarmed Combat | |  0.9
Charms         | |  0.4

Action                   |  1- 3 |  4- 6 |  7- 9 || total
-------------------------+-------+-------+-------++-------
Melee: Dagger            |    40 |       |       ||    40
       Short sword       |     2 |       |       ||     2
       Staff             |     1 |     2 |    12 ||    15
       Unarmed           |       |       |     8 ||     8
 Cast: Freeze            |    43 |    80 |   210 ||   333
       Throw Frost       |    15 |    19 |   167 ||   201
       Ozocubu's Armour  |       |     2 |    25 ||    27
       Summon Ice Beast  |       |       |    41 ||    41
       Ice Form          |       |       |     2 ||     2
 Abil: Blink             |       |       |     1 ||     1
  Use: Scroll            |     3 |     1 |     6 ||    10
       Potion            |       |       |     6 ||     6
  Eat: Chunk             |     4 |     5 |    17 ||    26
       Bread ration      |       |       |     3 ||     3
       Fruit             |       |       |     1 ||     1
Armor: Robe              |    16 |    16 |    75 ||   107
       Skin              |       |       |     3 ||     3
Dodge: Dodged            |    57 |    39 |   196 ||   292
